 Dungeon Crawl Stone Soup version 0.23-a0-726-g9fa1570 (console) character file.

329 Duffy the Chopper (level 6, 0/56 HPs)
             Began as a Naga Fighter on Jan 16, 2019.
             Killed by nerve-wracking pain
             ... invoked by a shadow imp
              (4 damage)
             ... on level 5 of the Dungeon.
             The game lasted 00:03:23 (4466 turns).

Duffy the Chopper (Naga Fighter)                    Turns: 4466, Time: 00:03:23

Health: 0/56       AC:  5    Str: 21    XL:     6   Next: 51%
Magic:  7/7        EV:  6    Int:  8    God:
Gold:   149        SH:  9    Dex: 10    Spells: 5/5 levels left

rFire    . . .     SeeInvis +   a - +0 war axe
rCold    . . .     Gourm    .   c - +0 shield
rNeg     . . .     Faith    .   o - +0 ring mail
rPois    +         Spirit   .   (no helmet)
rElec    .         Reflect  .   (no cloak)
rCorr    .         Harm     .   (no gloves)
MR       .....                  (no barding)
Stlth    ..........             (no amulet)
HPRegen  0.18/turn              (no ring)
MPRegen  0.10/turn              (no ring)

@: very slow
A: large, see invisible, deformed body, poison resistance, slowness 2, slow
metabolism 1, spit poison 1, AC +2
a: Spit Poison


You were on level 5 of the Dungeon.
You were not hungry.

You visited 1 branch of the dungeon, and saw 5 of its levels.

You collected 149 gold pieces.

Inventory:

Hand Weapons
 a - a +0 war axe (weapon)
Missiles
 u - a throwing net (quivered)
Armour
 b - a +0 scale mail
 c - a +0 shield (worn)
 o - a +0 ring mail (worn)
Wands
 q - a wand of flame (36)
Scrolls
 e - a scroll of immolation {unknown}
 g - 3 scrolls of teleportation {unknown}
 h - 3 scrolls of magic mapping {unknown}
 i - a scroll of enchant weapon {unknown}
 j - 5 scrolls of identify {unknown}
 p - 3 scrolls of remove curse {unknown}
 r - a scroll of fog {unknown}
 s - a scroll of amnesia {unknown}
 v - a scroll of enchant armour {unknown}
Potions
 d - 2 potions of might
 k - 2 potions of degeneration {unknown}
 l - a potion of berserk rage {unknown}
 m - 4 potions of cancellation {unknown}
 n - a potion of brilliance {unknown}
 t - 4 potions of heal wounds {unknown}
 w - a potion of mutation {unknown}
 x - 2 potions of ambrosia {unknown}
Comestibles
 f - 11 rations


   Skills:
 - Level 3.0 Fighting
 + Level 4.7 Axes
 - Level 2.4 Armour
 + Level 4.3 Shields
 + Level 1.6 Evocations


You had 5 spell levels left.
You didn't know any spells.
Your spell library was empty.

Dungeon Overview and Level Annotations

Branches:
Dungeon (5/15)
 Temple: D:4-7

Altars:
Fedhas
Kikubaaqudgha
Okawaru
Vehumet


Innate Abilities, Weirdness & Mutations

You cannot wear boots.
Your serpentine skin is tough. (AC +2)
You have supernaturally acute eyesight. (SInv)
Armour fits poorly on your strangely shaped body.
Your system is resistant to poisons. (rPois)
You cover ground very slowly.
You have a slow metabolism.
You can spit poison.


Message History

You are too injured to fight recklessly!
You are too injured to fight recklessly!
You are too injured to fight recklessly!
You are too injured to fight recklessly!
You are too injured to fight recklessly!
The bullfrog zombie hits you. You block the shadow imp's attack.
The bullfrog zombie hits you.
You closely miss the shadow imp.
The shadow imp is severely wounded.
You slash the adder zombie!
You destroy the adder zombie!
You barely miss the bullfrog zombie. The shadow imp barely misses you.
The bullfrog zombie barely misses you. You block the shadow imp's attack.
The bullfrog zombie hits you. The bullfrog zombie hits you.
The bullfrog zombie completely misses you.
You block the bullfrog zombie's attack. The shadow imp gestures at you.
Pain shoots through your body!
You die...

.. #.... ##.. . #.
##... ##.... ..
#.##...##..... .
..##.#.......#.##..
...................
..###........#......
...................#
...#..<..5Zw......#
.<.....#.#..@.......
.....#.........#..##
............#..# ##
.............%.# ..
............# .
..###.#####... ...
... ...# #> ##..


You could see a worm, a shadow imp and a bullfrog zombie.

Vanquished Creatures
  A crimson imp (D:4)
  A centaur zombie (D:3)
  Jessica (D:2)
  A worker ant (D:4)
  3 gnolls (D:4)
  8 adders
  An adder zombie (D:5)
  2 worms
  A dart slug (D:3)
  2 leopard geckos
  14 orcs
  2 bat zombies (D:4)
  2 giant cockroaches
  7 goblins
  5 hobgoblins
  6 jackals
  A quokka (D:4)
  3 ball pythons (D:3)
  A ball python zombie (D:5)
  10 bats
  4 frilled lizards
  6 kobolds
  9 rats
  A rat zombie (D:4)
92 creatures vanquished.

Notes
Turn   | Place    | Note
-------+----------+-------------------------------------------
     0 | D:1      | Duffy the Naga Fighter began the quest for the Orb.
     0 | D:1      | Reached XP level 1. HP: 21/21 MP: 1/1
   370 | D:1      | Reached XP level 2. HP: 28/28 MP: 2/2
   778 | D:2      | Reached XP level 3. HP: 21/34 MP: 3/3
   909 | D:2      | Noticed Jessica
   922 | D:2      | Killed Jessica
   959 | D:2      | Reached XP level 4. HP: 32/42 MP: 4/4
  1710 | D:3      | Found an iron altar of Okawaru.
  1995 | D:3      | Reached XP level 5. HP: 26/49 MP: 5/5
  3029 | D:3      | Found a blossoming altar of Fedhas.
  3299 | D:4      | Found a radiant altar of Vehumet.
  3396 | D:4      | Reached skill level 1 in Evocations
  3396 | D:4      | Reached XP level 6. HP: 36/56 MP: 6/6
  3633 | D:4      | Found an ancient bone altar of Kikubaaqudgha.
  4452 | D:5      | Entered Level 5 of the Dungeon
  4466 | D:5      | Killed from afar by a shadow imp

Vault maps used:
D:1:      dpeg_arrival_simpleton_c
D:2:      uniq_jessica
D:3:      old_standard_altar, first_ration, fedhas_altar_fruit_tree
D:4:      lemuel_zombie_altar_kikubaaqudgha, vehumet_altar_wand_db

Skill      XL: |  1  2  3  4  5 |
---------------+----------------+-----
Axes           | 3 4 |  4.7
Shields        | 3 4 |  4.3
Evocations     | 1 |  1.6
Fighting       | |  3.0
Armour         | |  2.4

Action                   |  1- 3 |  4- 6 || total
-------------------------+-------+-------++-------
Melee: War axe           |    72 |   308 ||   380
 Abil: Spit Poison       |     1 |     2 ||     3
  Eat: Chunk             |       |     9 ||     9
Armor: Scale mail        |    42 |    85 ||   127
       Ring mail         |       |    54 ||    54
Dodge: Dodged            |    25 |    93 ||   118
Block: Shield            |    60 |   200 ||   260

Table legend:
 A = Non-vault XP
 B = Vault XP
 C = Vault XP percentage of total XP
 D = Non-vault monster count
 E = Vault monster count
 F = Vault count percentage of total count
                 A         B        C        D         E       F
            +---------+---------+-------+---------+---------+-------
      Total |     427 |      44 |   9.3 |      87 |       5 |   5.4
            +---------+---------+-------+---------+---------+-------
        D:1 |      24 |       0 |   0.0 |      16 |       0 |   0.0
        D:2 |      50 |      37 |  42.5 |      21 |       1 |   4.5
        D:3 |     167 |       0 |   0.0 |      30 |       0 |   0.0
        D:4 |     179 |       7 |   3.8 |      18 |       4 |  18.2
        D:5 |       7 |       0 |   0.0 |       2 |       0 |   0.0
            +---------+---------+-------+---------+---------+-------
